 Dungeon Crawl Stone Soup version 0.28-a0-697-g47f3eba078 (webtiles) character file.

Game seed: 14471539268520164205

2180 KoroneIsBestGirl the Ogre Mage (level 9, -6/89 HPs)
             Began as an Ogre Fire Elementalist on Oct 24, 2021.
             Mangled by Joseph (15 damage)
             ... on level 7 of the Dungeon.
             The game lasted 00:14:17 (14649 turns).

KoroneIsBestGirl the Ogre Mage (OgFE)              Turns: 14649, Time: 00:14:18

Health: -6/89      AC:  3    Str: 14    XL:     9   Next: 33%
Magic:  9/18       EV: 10    Int: 25    God:
Gold:   285        SH:  0    Dex:  9    Spells: 15/20 levels left

rFire   + . .      SeeInvis .   p - staff of conjuration
rCold   x . .      Faith    .   (no shield)
rNeg    . . .      Spirit   .   a - +0 robe
rPois   .          Reflect  .   (helmet restricted)
rElec   .          Harm     .   (no cloak)
rCorr   .          Rampage  .   (gloves unavailable)
Will    .....                   (boots unavailable)
Stlth   +.........              (no amulet)
HPRegen 0.24/turn               e - ring of fire
MPRegen 0.16/turn               F - +6 ring of intelligence

@: no status effects
A: large, unfitting armour, tough skin 1
a: no special abilities


You were on level 7 of the Dungeon.
You visited 2 branches of the dungeon, and saw 8 of its levels.
You also visited: Sewer.

You collected 285 gold pieces.

Inventory:

Hand Weapons
 c - a +0 club
 m - a +0 giant spiked club
Armour
 a - a +0 robe (worn)
Magical Staves
 p - a staff of conjuration (weapon)
Jewellery
 e - a ring of fire (left hand)
 k - a ring of see invisible
 r - an amulet of faith
 s - a ring of positive energy
 C - a ring of willpower
 F - a +6 ring of intelligence (right hand)
Wands
 b - a wand of polymorph (6)
Scrolls
 g - a scroll of amnesia
 j - 2 scrolls of enchant armour {unknown}
 l - a scroll of holy word {unknown}
 t - a scroll of magic mapping
 u - a scroll of acquirement {unknown}
 y - a scroll of summoning {unknown}
 A - 2 scrolls of enchant weapon {unknown}
 D - a scroll of fog {unknown}
Potions
 d - 2 potions of ambrosia {unknown}
 f - a potion of flight {unknown}
 h - 2 potions of lignification {unknown}
 i - a potion of might {unknown}
 n - 3 potions of curing {unknown}
 o - a potion of invisibility {unknown}
 q - 2 potions of cancellation {unknown}
 v - a potion of degeneration {unknown}
 w - a potion of haste {unknown}
 x - a potion of magic {unknown}
 z - a potion of brilliance {unknown}
 B - a potion of heal wounds {unknown}
 E - a potion of attraction {unknown}


   Skills:
 + Level 5.9 Fighting
 + Level 4.1 Maces & Flails
 + Level 4.9 Dodging
 - Level 1.4 Stealth
 + Level 6.0 Spellcasting
 + Level 4.4 Conjurations
 + Level 5.2 Fire Magic


You had 15 spell levels left.
You knew the following spells:

 Your Spells              Type           Power      Damage    Failure   Level
a - Foxfire               Conj/Fire      100%       2x1d9     1%          1
b - Flame Wave            Conj/Fire      64%        3d11      10%         4

Your spell library contained the following spells:

 Spells                   Type           Power      Damage    Failure   Level
 Scorch                   Fire           100%       2d10      1%          2
 Conjure Flame            Conj/Fire      64%        6-21      3%          3
 Sting                    Tmut/Pois      28%        1d4       8%          1
 Inner Flame              Hex/Fire       31%        N/A       8%          3
 Ensorcelled Hibernation  Hex/Ice        14%        N/A       11%         2
 Poisonous Vapours        Pois/Air       14%        N/A       11%         2
 Spider Form              Tmut/Pois      3%         N/A       22%         3
 Olgreb's Toxic Radiance  Pois           7%         N/A       58%         4
 Summon Ice Beast         Ice/Summ       7%         N/A       58%         4
 Summon Mana Viper        Hex/Summ       7%         N/A       90%         5
 Monstrous Menagerie      Summ           3%         N/A       100%        7


Dungeon Overview and Level Annotations

Branches:
Dungeon (7/15)             Temple (1/1) D:4           Sewer (visited)

Altars:
Cheibriados
Elyvilon
Fedhas
Makhleb
Nemelex Xobeh
Qazlal
Ru
Sif Muna
Trog
Vehumet
Xom
Yredelemnul
The Shining One

Shops:
D:1 [

Annotations:
D:4 1 runed translucent door, diltron's ghost, amateur GnMo
D:7 Joseph


Innate Abilities, Weirdness & Mutations

You are too large for most types of armour.
You have tough skin. (AC +1)


Message History

The foxfire hits Joseph.
Joseph is heavily wounded.
You feel a strong surge of power!
You conjure some foxfire!
The foxfire hits Joseph.
Joseph is heavily wounded.
You feel a strong surge of power!
You conjure some foxfire!
The foxfire hits Joseph.
Joseph is heavily wounded.
The foxfire hits Joseph.
Joseph is heavily wounded.
Joseph unwields a +0 hunting sling.
Joseph wields a +0 quarterstaff.
Joseph hits you with a +0 quarterstaff!
The foxfire hits Joseph.
Joseph is severely wounded.
You are too injured to fight recklessly!
You are too injured to fight recklessly!
You are too injured to fight recklessly!
Casting: Foxfire (safe; 1% risk of failure)
Confirm with . or Enter, or press ? or * to list all spells.
You feel a strong surge of power!
You conjure some foxfire!
The foxfire hits Joseph.
Joseph is severely wounded.
Joseph hits you with a +0 quarterstaff!
Casting: Foxfire (safe; 1% risk of failure)
Confirm with . or Enter, or press ? or * to list all spells.
You feel a strong surge of power!
You conjure some foxfire!
The foxfire hits Joseph.
Joseph is almost dead.
The foxfire hits Joseph.
Joseph is almost dead.
Joseph hits you with a +0 quarterstaff!!
* * * LOW HITPOINT WARNING * * *
Casting: Foxfire (safe; 1% risk of failure)
Confirm with . or Enter, or press ? or * to list all spells.
You feel a strong surge of power!
You conjure some foxfire!
The foxfire hits Joseph.
Joseph is almost dead.
The foxfire hits Joseph.
Joseph is almost dead.
Joseph hits you with a +0 quarterstaff!
You die...

# .### #...# ##.#. #...#
#...# #...# #...# #...#
#...
###...########.#######
............§#.@@v...#
..............#.v§......
.............###§....#..
###..÷#####<## ##....#
#...# ##.# ....#
#...#######.# ....#
#........# #>. ....#
#...####.# ###.####
#...####.#


You could see Joseph (ally target).

Vanquished Creatures
  Eustachio (D:4)
  Menkaure (D:4)
  2 water moccasins (D:6)
  A black bear (D:6)
  A necrophage (D:5)
  3 ogres
  A centaur (D:5)
  A phantom (D:5)
  4 kobold brigands
  A bullfrog (D:6)
  A scorpion (D:4)
  A centaur zombie (D:6)
  2 bullfrog zombies
  2 jellies (D:6)
  A bullfrog skeleton (D:6)
  2 orc priests
  4 hounds
  4 iguanas
  An orc wizard (D:3)
  A hound skeleton (D:2)
  Robin (D:1)
  A howler monkey skeleton (D:5)
  A river rat (Sewer)
  6 adders
  A shadow imp (D:6)
  4 white imps
  2 worms
  2 dart slugs
  14 orcs
  6 ball pythons
  7 endoplasms
  3 giant cockroaches
  19 goblins
  7 hobgoblins
  7 kobolds
  3 quokkas
  7 bats
  3 frilled lizards (D:3)
  12 rats
  2 butterflies (D:4)
143 creatures vanquished.

Vanquished Creatures (others)
  847 foxfires
  2 withered plants (D:4)
849 creatures vanquished.

Grand Total: 992 creatures vanquished

Notes
Turn   | Place    | Note
-------+----------+-------------------------------------------
     0 | D:1      | KoroneIsBestGirl the Ogre Fire Elementalist began the quest
                  | for the Orb.
     0 | D:1      | Reached XP level 1. HP: 16/16 MP: 3/3
    87 | D:1      | Reached skill level 1 in Conjurations
   209 | D:1      | Reached XP level 2. HP: 24/24 MP: 1/5
  1003 | D:1      | Found a faded altar of an unknown god.
  1146 | D:1      | Reached XP level 3. HP: 32/32 MP: 2/7
  1260 | D:1      | Found Rariss's Antique Armour Boutique.
  1406 | D:2      | Noticed Robin
  3071 | D:1      | Killed Robin
  3072 | D:1      | Reached skill level 1 in Fighting
  3072 | D:1      | Reached skill level 3 in Spellcasting
  3993 | D:2      | Reached XP level 4. HP: 30/41 MP: 8/8
  4892 | D:3      | Reached skill level 1 in Maces & Flails
  5538 | D:3      | Reached XP level 5. HP: 36/49 MP: 2/9
  6776 | D:4      | Noticed Menkaure
  6781 | D:4      | Killed Menkaure
  6782 | D:4      | Reached XP level 6. HP: 7/59 MP: 5/11
  7411 | D:4      | Found a runed translucent door.
  7411 | D:4      | Noticed diltron's ghost (amateur GnMo)
  7432 | D:4      | Found a shimmering altar of Xom.
  7547 | D:4      | Reached skill level 4 in Spellcasting
  7547 | D:4      | Reached XP level 7. HP: 24/67 MP: 4/13
  7930 | D:4      | Found a staircase to the Ecumenical Temple.
  7943 | Temple   | Entered the Ecumenical Temple
  8766 | D:5      | Entered Level 5 of the Dungeon
  8766 | D:5      | Noticed Eustachio
  8778 | D:4      | Killed Eustachio
 10005 | D:5      | HP: 2/70 [centaur (3)]
 10007 | D:5      | Reached XP level 8. HP: 2/78 MP: 11/15
 10870 | D:5      | Reached skill level 5 in Spellcasting
 11524 | D:6      | Found a glowing drain.
 11535 | Sewer    | Entered a sewer
 11909 | Sewer    | Reached skill level 5 in Fighting
 12537 | D:6      | Reached XP level 9. HP: 37/88 MP: 3/17
 12542 | D:6      | Reached skill level 5 in Fire Magic
 13410 | D:6      | Identified the +0 leather armour "Wecwaer" {+Inv rPois
                  | Dex-5 SInv}
 13970 | D:6      | Reached skill level 6 in Spellcasting
 14630 | D:6      | Learned a level 4 spell: Flame Wave
 14636 | D:7      | Noticed Joseph
 14649 | D:7      | Mangled by Joseph

Illustrated notes

Levels and vault maps discovered:
D:1:      lemuel_arrival_hallway, layout_loops_ring,
          hellmonk_ecumenical_altar_lost_god, serial_shops,
          nicolae_shop_waterfront, minivault_11
D:2:      layout_rooms, uniq_robin
D:3:      layout_basic
D:4:      layout_gridville, xom_butterflies, minmay_temple_entry_grid,
          gammafunk_ghost_grave, kennysheep_generic_room_15, uniq_menkaure
D:5:      layout_basic, chequers_garden, minmay_misc_feat_alley, minmay_holes,
          grunt_tough_drop, uniq_eustachio
D:6:      layout_loops_ring, gup_sewer_entry_bubbles
D:7:      layout_loops_cross, nicolae_overflow_hidden_temple,
          gup_ossuary_entry_pyramid, minmay_hollow_rounded_squares, uniq_joseph,
          uniq_duvessa, uniq_pikel
Temple:   minmay_temple_forest_path

Skill      XL: |  1  2  3  4  5  6  7  8  9 |
---------------+----------------------------+-----
Conjurations   | 1 2 3 4 |  4.4
Dodging        | 2 3 4 |  4.9
Fire Magic     | 3 4 5 |  5.2
Fighting       | 1 2 3 4 5 |  5.9
Spellcasting   | 3 4 5 6 |  6.0
Maces & Flails | 1 2 3 4 |  4.1
Stealth        | |  1.4

Action                   |  1- 3 |  4- 6 |  7- 9 || total
-------------------------+-------+-------+-------++-------
Melee: Unarmed           |     7 |       |       ||     7
       Dagger            |    23 |       |       ||    23
       Club              |    31 |    56 |       ||    87
       Staff             |       |       |    88 ||    88
 Cast: Foxfire           |    76 |   150 |   305 ||   531
  Use: Scroll            |       |       |     2 ||     2
Armor: Robe              |    41 |    20 |    45 ||   106
Dodge: Dodged            |    64 |    51 |   115 ||   230

Table legend: (Time is in decaauts)
 A = Elapsed time spent in this place.
 B = Non-inter-level travel time spent in this place.
 C = Inter-level travel time spent in this place.
 D = Time resting spent in this place.
 E = Time spent auto-exploring this place.
 F = Levels seen in this place.
 G = Mean time per level.
                   A        B        C        D        E       F      G
               +--------+--------+--------+--------+--------+-----+--------+
         Total |  14814 |  14476 |    338 |   4196 |   8782 |   9 | 1646.0 |
       Dungeon |  13299 |  13017 |    282 |   4196 |   7611 |   7 | 1899.9 |
        Temple |    458 |    402 |     56 |      0 |    390 |   1 |  458.0 |
         Sewer |   1056 |   1056 |      0 |      0 |    780 |   1 | 1056.0 |
               +--------+--------+--------+--------+--------+-----+--------+

Top non-repeatable levels by time:
     D:1: 3953 daAuts
     D:5: 2350 daAuts
     D:6: 1993 daAuts
     D:4: 1807 daAuts
     D:3: 1583 daAuts
     D:2: 1234 daAuts
   Sewer: 1056 daAuts
  Temple: 458 daAuts
     D:7: 375 daAuts
